 Dungeon Crawl Stone Soup version 0.31-a0-198-g2ad674f65e (webtiles) character file.

Game seed: 13217664276569082560

115 qw the Skirmisher (level 4, -2/25 HPs)
             Began as a Deep Elf Hunter on June 25, 2023.
             Slain by an orc
             ... wielding a +0 trident
              (6 damage)
             ... on level 3 of the Dungeon.
             The game lasted 00:00:50 (1908 turns).

qw the Skirmisher (Deep Elf Hunter)                 Turns: 1908, Time: 00:00:51

Health: -2/25      AC:  7    Str: 10    XL:     4   Next: 68%
Magic:  6/6        EV:  9    Int: 14    God:
Gold:   126        SH:  0    Dex: 18    Spells: 3/3 levels left

rFire   . . .        Y - +0 shortbow
rCold   . . .        (shield currently unavailable)
rNeg    . . .        d - +0 scale mail
rPois   .            (no helmet)
rElec   .            (no cloak)
rCorr   .            (no gloves)
SInv    .            e - +0 pair of boots
Will    .....        (no amulet) Stlth
                     (no ring)
HPRegen 0.24/turn    (no ring)
MPRegen 0.10/turn

%: no passive effects
@: confused
A: no striking features
a: no special abilities


You were on level 3 of the Dungeon.
You visited 1 branch of the dungeon, and saw 3 of its levels.

You collected 126 gold pieces.


   Skills:
 - Level 1.5 Fighting
 + Level 8.1 Ranged Weapons
 - Level 2.4 Dodging
 - Level 1.2 Stealth


You had 3 spell levels left.
You didn't know any spells.
Your spell library was empty.

Inventory:

Hand Weapons
 Y - a +0 shortbow (weapon)
Armour
 d - a +0 scale mail (worn)
 e - a +0 pair of boots (worn)
 i - a scarf of resistance
Jewellery
 a - a ring of magical power
Potions
 b - a potion of enlightenment {unknown}
 c - a potion of might {unknown}
 f - a potion of lignification {unknown}
 g - a potion of haste {unknown}
 h - 2 potions of magic {unknown}
 j - a potion of ambrosia {unknown}

Dungeon Overview and Level Annotations

Branches:
Dungeon (3/15)

Altars:
Nemelex Xobeh
Uskayaw


Message History

The orc hits you from afar with a +0 trident.
The giant cockroach bites you but does no damage.
You shoot an arrow. The orc wizard shouts!
The arrow hits the kobold but does no damage.
The quokka barely misses you. The orc closely misses you.
The kobold hits you but does no damage.
The giant cockroach bites you but does no damage.
The quokka bites you but does no damage.
You shoot an arrow. The arrow closely misses the kobold.
The orc hits you from afar with a +0 trident.
The giant cockroach bites you but does no damage.
The kobold hits you but does no damage.
The quokka bites you but does no damage.
The kobold barely misses you. The orc barely misses you.
The giant cockroach barely misses you. The quokka closely misses you.
You shoot an arrow. The arrow hits the kobold.
You kill the kobold!
The giant cockroach barely misses you. The quokka barely misses you.
The orc closely misses you.
You shoot an arrow. The arrow hits the quokka.
The quokka is moderately wounded.
The giant cockroach barely misses you. The quokka barely misses you.
The orc closely misses you. The giant cockroach bites you.
The quokka bites you.
You shoot an arrow. The arrow closely misses the quokka.
The orc hits you but does no damage.
The giant cockroach bites you but does no damage.
The quokka barely misses you.
The orc hits you from afar with a +0 trident.
The orc wizard gestures at you while chanting.
You are confused.
The giant cockroach bites you. The quokka bites you.
The giant cockroach barely misses you. The orc hits you but does no damage.
The orc wizard hits you with a +0 dagger.
The quokka bites you but does no damage.
The giant cockroach barely misses you.
The orc wizard hits you but does no damage.
The quokka bites you.
The orc hits you from afar with a +0 trident.
You die...

#### ...#
............... .#.#
#..............
.#.#####.##.............
.#.......##.......)....#
.###.#####............##
.................o)....#
...............rB).....#
................@......#
................o......#
....(..................#
.....#................##
.....#...............##
.............##.######
.............##.....#
....<#.......##.....#
.....#..............#


You could see an orc wizard, an orc, a quokka and a giant cockroach.

Vanquished Creatures
  Jessica (D:3)
  2 worms (D:2)
  5 orcs (D:3)
  5 endoplasms
  A giant cockroach (D:1)
  13 goblins
  6 hobgoblins
  15 jackals
  2 quokkas (D:2)
  5 ball pythons
  4 bats
  3 frilled lizards
  4 kobolds
  2 rats (D:1)
68 creatures vanquished.

Notes
Turn   | Place    | Note
-------+----------+-------------------------------------------
     0 | D:1      | qw the Deep Elf Hunter began the quest for the Orb.
     0 | D:1      | Reached XP level 1. HP: 12/12 MP: 3/3
     0 | D:1      | 0 ||| qw: Version: 0.3-a-22-g0ed2b0b
     0 | D:1      | 0 ||| qw: Game counter: 5206
     0 | D:1      | 0 ||| qw: Melee chars always use a shield: true
     0 | D:1      | 0 ||| qw: God list: Okawaru
     0 | D:1      | 0 ||| qw: Allow faded altars: false
     0 | D:1      | 0 ||| qw: Do Orc after clearing Dungeon:15 true
     0 | D:1      | 0 ||| qw: Do second Lair branch before Depths: true
     0 | D:1      | 0 ||| qw: Lair rune preference: random
     0 | D:1      | 0 ||| qw: Goals: Normal
     0 | D:1      | 0 ||| PLANNING D:1-11
   103 | D:1      | Reached skill level 6 in Ranged Weapons
   103 | D:1      | Reached XP level 2. HP: 16/16 MP: 4/4
   343 | D:1      | Reached XP level 3. HP: 20/20 MP: 5/5
   610 | D:1      | 610 ||| UPGRADING to +0 scale mail.
   620 | D:1      | 620 ||| DROPPING +0 leather armour.
   621 | D:1      | 621 ||| UPGRADING to +0 pair of boots.
   626 | D:1      | 626 ||| DROPPING scroll of butterflies.
   919 | D:2      | Reached skill level 7 in Ranged Weapons
  1293 | D:2      | You fall into a shaft and drop 1 floor!
  1305 | D:3      | 1305 ||| READING scroll labelled DEVAIGH MUANOLLAO.
  1310 | D:3      | 1310 ||| FLEEEEING.
  1312 | D:3      | 1312 ||| STAIRDANCE
  1321 | D:2      | Found a sparkling altar of Nemelex Xobeh.
  1465 | D:2      | 1465 ||| FLEEEEING.
  1466 | D:2      | 1466 ||| FLEEEEING.
  1467 | D:2      | 1467 ||| FLEEEEING.
  1468 | D:2      | 1468 ||| FLEEEEING.
  1469 | D:2      | 1469 ||| FLEEEEING.
  1470 | D:2      | 1470 ||| FLEEEEING.
  1471 | D:2      | 1471 ||| FLEEEEING.
  1476 | D:2      | Reached XP level 4. HP: 25/25 MP: 6/6
  1670 | D:3      | Noticed Jessica
  1677 | D:3      | Killed Jessica
  1743 | D:3      | 1743 ||| Stepping ~*~*~tactically~*~*~ (outnumbered).
  1750 | D:3      | 1750 ||| Stepping ~*~*~tactically~*~*~ (outnumbered).
  1767 | D:3      | Reached skill level 8 in Ranged Weapons
  1815 | D:3      | 1815 ||| FLEEEEING.
  1828 | D:3      | 1828 ||| FLEEEEING.
  1840 | D:3      | 1840 ||| FLEEEEING.
  1841 | D:3      | 1841 ||| FLEEEEING.
  1843 | D:3      | 1843 ||| FLEEEEING.
  1879 | D:3      | Found a hide-covered altar of Uskayaw.
  1908 | D:3      | HP: 4/25 [quokka (3)]
  1908 | D:3      | Slain by an orc

Levels and vault maps discovered:
D:1:      elethiomel_arrival_shortcut, layout_loops_ring, minmay_misc_feat_rows
D:2:      layout_loops_corners, basic_altar
D:3:      layout_rooms, okawaru_metal_pillars_1_2,
          eat_drink_and_be_merry_uskayaw, uniq_jessica

Skill      XL: |  1  2  3  4 |
---------------+-------------+-----
Ranged Weapons | 6 7 8 |  8.1
Fighting       | |  1.5
Dodging        | |  2.4
Stealth        | |  1.2

Action                     |  1- 3 |  4- 6 || total
---------------------------+-------+-------++-------
   Fire: Shortbow          |   132 |    47 ||   179
    Use: Scroll            |     1 |       ||     1
 Armour: Leather armour    |     5 |       ||     5
         Scale mail        |    13 |    34 ||    47
  Dodge: Dodged            |    31 |    26 ||    57

Table legend:
 A = Non-vault XP
 B = Vault XP
 C = Vault XP percentage of total XP
 D = Non-vault monster count
 E = Vault monster count
 F = Vault count percentage of total count
                 A         B        C        D         E       F
            +---------+---------+-------+---------+---------+-------
      Total |     128 |      37 |  22.4 |      67 |       1 |   1.5
            +---------+---------+-------+---------+---------+-------
        D:1 |      47 |       0 |   0.0 |      28 |       0 |   0.0
        D:2 |      48 |       0 |   0.0 |      24 |       0 |   0.0
        D:3 |      33 |      37 |  52.9 |      15 |       1 |   6.2
            +---------+---------+-------+---------+---------+-------
